 Dungeon Crawl Stone Soup version 0.31-a0-313-g785cd24033 (webtiles) character file.

Game seed: 11064726221101808033

373844 CoinPitGoblin the Acrobat (level 21, -7/120 HPs)
             Began as a Spriggan Hunter on July 15, 2023.
             Was the Champion of Dithmenos.
             Killed from afar by a golden dragon (66 damage)
             ... with a bolt of fire
             ... on level 3 of the Depths on July 17, 2023.
             The game lasted 04:15:06 (51265 turns).

CoinPitGoblin the Acrobat (Spriggan Hunter)        Turns: 51265, Time: 04:15:06

Health: -7/120     AC:  8    Str:  7    XL:     21   Next: 75%
Magic:  33/33      EV: 63    Int: 16    God:    Dithmenos [******]
Gold:   2491       SH: 10    Dex: 37    Spells: 25/35 levels left

rFire   . . .        a - +7 sling of Teekhil {drain, rC+ Dex+6 Stlth+}
rCold   + . .        y - +2 buckler
rNeg    . . .        f - +4 troll leather armour
rPois   .            (helmet currently unavailable)
rElec   +            (cloak currently unavailable)
rCorr   .            (gloves unavailable)
SInv    +            (boots unavailable)
Will    +++..        w - amulet of regeneration Stlth *******+++
                     m - ring of Bodily Harmony {+Blink rC- EV+5 Int+5 Dex+2}
HPRegen 2.00/turn    X - ring "Heroy" {rElec rC+}
MPRegen 0.23/turn

%: clarity
@: lethally poisoned (-7 -> -24), beast-form, wreathed by umbra, very quick
A: beast (slay +7), very small, no large weapons, unfitting armour, see
invisible, speed 3, clarity
}: 2/15 runes: serpentine, barnacled
a: Begin Untransformation, Renounce Religion, Evoke Blink, Shadow Step, Shadow
Form


You were on level 3 of the Depths.
You worshipped Dithmenos.
Dithmenos was exalted by your worship.
You were a hulking beast.
You visited 9 branches of the dungeon, and saw 40 of its levels.
You also visited: Ossuary and Gauntlet.

You collected 4086 gold pieces.
You spent 1595 gold pieces at shops.

Inventory:

Hand Weapons
 a - the +7 sling of Teekhil (weapon) {drain, rC+ Dex+6 Stlth+}
   (You found it on level 4 of the Dungeon)

   Dex:       It affects your dexterity (+6).
   rC:        It protects you from cold.
   Stlth:     It makes you more stealthy.
 b - the +4 rapier "Beph" {spect, rC+}
   (You bought it in a shop on level 2 of the Orcish Mines)

   rC:        It protects you from cold.
 q - the +2 arbalest "Lacvun" {penet, rPois rC+ Will+ Int-5}
   (You took it off a naga on level 2 of the Snake Pit)

   Int:       It affects your intelligence (-5).
   rC:        It protects you from cold.
   rPois:     It protects you from poison.
   Will:      It increases your willpower.
 J - a +5 quick blade of venom
Armour
 f - a +4 troll leather armour (worn)
 y - a +2 buckler (worn)
 G - the +0 hat "Ivuociqo" {Dex+3 Slay+2}
   (You found it in a Gauntlet)

   Dex:       It affects your dexterity (+3).
   Slay:      It affects your accuracy & damage with ranged weapons and melee
   (+2).
Jewellery
 m - the ring of Bodily Harmony (left hand) {+Blink rC- EV+5 Int+5 Dex+2}
   (You acquired it on level 1 of the Depths)

   [ring of evasion]

   EV:        It affects your evasion (+5).
   Int:       It affects your intelligence (+5).
   Dex:       It affects your dexterity (+2).
   rC:        It makes you vulnerable to cold.
   +Blink:    It lets you blink.
 o - a ring of wizardry
 w - an amulet of regeneration (around neck)
 A - a ring of positive energy
 X - the ring "Heroy" (right hand) {rElec rC+}
   (You found it on level 6 of the Dungeon)

   [ring of protection from cold]

   rC:        It protects you from cold.
   rElec:     It insulates you from electricity.
Talismans
 p - a serpent talisman
 t - a beast talisman
 L - a blade talisman
 R - a dragon-blood talisman
 T - a maw talisman
Wands
 e - a wand of charming (30)
 g - a wand of mindburst (31)
 s - a wand of flame (110)
 z - a wand of roots (28)
 D - a wand of acid (39)
 Q - a wand of polymorph (6)
 Y - a wand of digging (10)
Scrolls
 n - 9 scrolls of teleportation
 u - 5 scrolls of fog
 x - 8 scrolls of poison
 B - 2 scrolls of fear
 C - 6 scrolls of revelation
 I - 4 scrolls of immolation
 N - a scroll of silence
 O - 6 scrolls of enchant weapon
 S - 4 scrolls of amnesia
 U - a scroll of blinking
 Z - 5 scrolls of enchant armour
Potions
 c - 2 potions of cancellation
 d - 3 potions of resistance
 h - 3 potions of berserk rage
 j - 13 potions of curing
 E - 7 potions of haste
 H - 8 potions of enlightenment
 M - a potion of ambrosia
 P - 4 potions of brilliance
 V - 2 potions of magic
Miscellaneous
 r - a sack of spiders
 K - a piece from Xom's chessboard (15/15)
 W - a phantom mirror


   Skills:
 * Level 16.3 Fighting
 + Level 7.3 Short Blades
 + Level 11.9 Ranged Weapons
 + Level 4.1 Armour
 + Level 25.7 Dodging
 + Level 17.5 Stealth
 + Level 5.3 Shields
 + Level 7.8 Spellcasting
 + Level 6.3 Hexes
 - Level 4.7 Transmutations
 * Level 11.6 Invocations
 * Level 13.8 Evocations
 * Level 16.3 Shapeshifting


You had 25 spell levels left.
You knew the following spells:

 Your Spells              Type           Power      Damage    Failure   Level
a - Confusing Touch       Hex            26%        N/A       5%          3
q - Wereblood             Tmut           21%        N/A       5%          2
s - Inner Flame           Hex/Fire       16%        N/A       21%         3
z - Passwall              Tmut/Erth      10%        N/A       14%         2

Your spell library contained the following spells:

 Spells                   Type           Power      Damage    Failure   Level
 Ensorcelled Hibernation  Hex/Ice        32%        N/A       11%         2
 Apportation              Tloc           12%        N/A       26%         1
 Kiss of Death            Conj/Necr      24%        2d7       26%         1
 Magic Dart               Conj           24%        1d4       26%         1
 Necrotise                Necr           24%        1d5       26%         1
 Shock                    Conj/Air       24%        1d4       26%         1
 Momentum Strike          Conj/Tloc      12%        3d8       36%         2
 Scorch                   Fire           12%        2d6       36%         2
 Sublimation of Blood     Necr           6%         N/A       36%         2
 Ignite Poison            Fire/Tmut/Pois 11%        N/A       36%         3
 Frozen Ramparts          Ice            12%        1d2       58%         3
 Gell's Gravitas          Tloc           6%         N/A       58%         3
 Ozocubu's Armour         Ice            6%         N/A       58%         3
 Stone Arrow              Conj/Erth      12%        3d7       58%         3
 Swiftness                Air            6%         N/A       58%         3
 Teleport Other           Tloc           6%         N/A       58%         3
 Vampiric Draining        Necr           6%         2d6       58%         3
 Petrify                  Tmut/Erth      13%        N/A       67%         4
 Metabolic Englaciation   Hex/Ice        8%         N/A       88%         5
 Animate Armour           Summ/Erth      12%        N/A       94%         4
 Animate Dead             Necr           6%         N/A       94%         4
 Dispel Undead            Necr           6%         3d8       94%         4
 Flame Wave               Conj/Fire      6%         2d5       94%         4
 Manifold Assault         Tloc           6%         N/A       94%         4
 Olgreb's Toxic Radiance  Pois           6%         N/A       94%         4
 Sticky Flame             Conj/Fire      6%         2d3       94%         4
 Alistair's Intoxication  Tmut/Pois      8%         N/A       95%         5
 Agony                    Necr           6%         N/A       100%        5
 Borgnjor's Vile Clutch   Necr/Erth      3%         N/A       100%        5
 Fireball                 Conj/Fire      3%         3d4       100%        5
 Summon Forest            Summ/Tloc      3%         N/A       100%        5
 Death Channel            Necr           3%         N/A       100%        6
 Summon Cactus Giant      Summ           3%         N/A       100%        6
 Haunt                    Necr/Summ      3%         N/A       100%        7
 Summon Hydra             Summ           3%         N/A       100%        7
 Disjunction              Tloc           3%         N/A       100%        8
 Ignition                 Fire           3%         3d4       100%        8
 Infestation              Necr           3%         N/A       100%        8
 Lehudib's Crystal Spear  Conj/Erth      3%         10d2      100%        8
 Chain Lightning          Conj/Air       3%         3d4       100%        9
 Fire Storm               Conj/Fire      3%         8d1       100%        9
 Shatter                  Erth           3%         3d7*      100%        9


Dungeon Overview and Level Annotations

Branches:
Dungeon (15/15)            Temple (1/1) D:6            Lair (5/5) D:10
 Shoals (4/4) Lair:2        Snake (4/4) Lair:3        Slime (0/5) Lair:5
    Orc (2/2) D:12            Elf (0/3) Orc:2        Vaults (5/5) D:13
  Crypt (1/3) Vaults:3     Depths (3/4) D:15        Ossuary (visited)
Gauntlet (visited)

Altars:
Ashenzari
Cheibriados
Dithmenos
Elyvilon
Fedhas
Gozag
Hepliaklqana
Kikubaaqudgha
Makhleb
Nemelex Xobeh
Okawaru
Qazlal
Ru
Sif Muna
Trog
Uskayaw
Vehumet
Wu Jian
Xom
Yredelemnul
Zin
The Shining One
Jiyva

Shops:
D:1 *   D:4 [   D:9 :   Orc:2 !(:*   Snake:1 ==

Portals:
Hell: Depths:1 Depths:2 Depths:3
Abyss: Depths:3
Pandemonium: Depths:2
Ziggurat: Depths:1

Annotations:
D:15 3 runed translucent doors, Yxtef's ghost, journeyman DsFi
Snake:4 Mlioglotl; Saint Roka


Innate Abilities, Weirdness & Mutations

You are a hulking beast.
Your limbs bulge with bestial killing power. (Slay +7)
You are very small and have problems with some larger weapons.
You are too small for most types of armour.
You have supernaturally acute eyesight. (SInv)
You cover ground extremely quickly. (Speed+++)
You possess an exceptional clarity of mind.


Message History

The golden dragon roars deafeningly!
The sling bullet hits the golden dragon.
You drain the golden dragon.
The golden dragon is lightly wounded.
You shoot a sling bullet.
The sling bullet hits the golden dragon.
The golden dragon is lightly wounded.
Your shadow shoots a sling bullet.
The sling bullet hits the golden dragon.
You shoot a sling bullet.
The sling bullet hits the golden dragon but does no damage.
The golden dragon is lightly wounded.
You shoot a sling bullet.
The sling bullet hits the golden dragon!
The golden dragon is moderately wounded.
You shoot a sling bullet.
The sling bullet hits the golden dragon!
The golden dragon is moderately wounded.
The golden dragon breathes poison at you.
The blast of poison engulfs you!!
You are poisoned.
You shoot a sling bullet.
The sling bullet hits the golden dragon!
The golden dragon is heavily wounded.
Your shadow shoots a sling bullet.
The sling bullet hits the golden dragon but does no damage.
You are engulfed in poison gas.
You are more poisoned.
You feel extremely sick.
You are engulfed in poison gas.
You are more poisoned.
You feel very sick.
You are engulfed in poison gas.
You are more poisoned.
You feel extremely sick.
You feel very sick.
You feel very sick. The golden dragon breathes fire at you.
The bolt of fire hits you!!!
Ouch! That really hurt!
You die...

.#...[.............#............#
....#..............#.....#......#
....####...........#..######.##.#
...##..............#..#.......#..
...#...######.......).........#..
.###........#...÷..####.......##.
##.#...###..###.#..#.○○.......#..
...#####.##.[...#.##○°.°....###..
...#......#.....h.☼☼°D○..####....
...#......###...#######......)...
...#......#....## * ##..###....
..............## , ,##........
#..###..####### ###.###.#
####....# * ** ,#§#§§##.#
#.......# * ##§§#.#.# #.......# ,
##§§#§.#.# ..).....# , *
#§§#§;##..


You could see a golden dragon (catching breath, drained).

Vanquished Creatures
  Josephina (Depths:2)
  Frederick (Vaults:4)
  A caustic shrike (Depths:2)
  3 golden dragons
  3 tentacled monstrosities
  A walking earthen tome (Depths:3)
  Asterion (Depths:2)
  A lich (Depths:2)
  A titan (Shoals:4)
  Frances (Shoals:1)
  A sphinx (Vaults:4)
  Donald (Shoals:2)
  Aizul (Snake:3)
  2 nagarajas
  3 frost giants (Depths:2)
  A deep elf sorcerer (Vaults:4)
  7 fire giants
  Louise (Snake:3)
  2 spectral caustic shrikes (Depths:3)
  10 vault wardens
  A juggernaut skeleton (Depths:3)
  19 ironbound preservers
  A spriggan defender (Depths:2)
  7 very ugly things
  3 formless jellyfish
  9 ironbound thunderhulks
  3 vampire knights
  Nessos (D:13)
  14 stone giants
  4 dire elephants (Vaults:3)
  2 minotaurs
  10 spark wasps
  5 merfolk javelineers (Shoals:4)
  A crystal guardian (Vaults:2)
  An eidolon (Crypt:1)
  6 ettins
  10 merfolk impalers
  15 yaktaur captains
  2 entropy weavers (Vaults:3)
  2 rakshasas
  9 great orbs of eyes
  14 vault guards
  9 fire dragons
  7 ice dragons
  Erolcha (D:13)
  4 hydras
  A peacekeeper (Vaults:2)
  2 salamander tyrants
  3 spriggan air magi
  A catoblepas (Lair:5)
  4 alligator snapping turtles
  5 centaur warriors
  2 merfolk avatars
  An ogre mage (D:15)
  4 merfolk aquamancers
  Erica (D:10)
  3 spriggan skeletons
  A death knight (Crypt:1)
  19 anacondas
  9 boulder beetles
  7 ironbound frosthearts
  4 deep troll earth magi
  10 two-headed ogres
  4 death yaks (Lair:5)
  2 orc high priests (Orc:2)
  2 satyrs
  3 tengu warriors
  10 deep troll shamans
  2 vampire magi
  A storm dragon zombie (Depths:2)
  3 naga sharpshooters
  8 naga warriors
  3 spriggan berserkers
  5 shock serpents
  2 spriggans (Depths:3)
  Amaemon (D:9)
  Nergalle (Orc:1)
  2 titan zombies (Crypt:1)
  6 skysharks
  8 iron trolls
  4 salamander mystics
  72 deep trolls
  7 skeletal warriors
  A golden dragon zombie (Depths:3)
  11 sea snakes
  2 glowing orange brains
  10 wizards
  A flayed ghost (Crypt:1)
  3 naga ritualists
  18 ironbound convokers
  A tengu zombie (Depths:3)
  4 phantasmal warriors
  A golden dragon skeleton (Depths:3)
  12 orc knights
  10 lindwurms
  2 deep elf pyromancers
  7 necromancers
  Pikel (D:7)
  39 ugly things
  A frost giant zombie (Depths:3)
  16 harpies
  A shadow dragon skeleton (Vaults:4)
  21 fauns
  6 orc sorcerers
  3 tengu skeletons
  6 elephants
  12 manticores
  5 mana vipers
  8 cyclopes
  14 salamanders
  18 vault sentinels
  9 naga magi
  8 guardian serpents
  8 merfolk sirens
  An orange demon (D:9)
  25 black mambas
  A water nymph (shapeshifter) (Depths:3)
  9 cane toads
  A human skeleton (Vaults:4)
  6 water nymphs
  An unseen horror (D:12)
  2 gargoyles
  Psyche (D:7)
  6 rime drakes
  A spark wasp simulacrum (Depths:3)
  An efreet (D:14)
  2 freezing wraiths
  A rime drake (shapeshifter) (D:14)
  11 komodo dragons
  36 yaktaurs
  A golden dragon simulacrum (Depths:2)
  A tengu conjurer (D:14)
  7 trolls
  25 merfolk
  A troll (shapeshifter) (D:14)
  11 polar bears
  3 meliai (Shoals:1)
  17 blink frogs
  A sphinx simulacrum (Depths:3)
  3 hornets
  9 wind drakes
  A jumping spider zombie (Crypt:1)
  A frost giant simulacrum (Depths:2)
  11 snapping turtles
  11 dream sheep
  A stone giant simulacrum (Depths:2)
  A guardian serpent zombie (Crypt:1)
  38 slime creatures
  A shapeshifter (D:12)
  4 raiju (Lair:5)
  8 air elementals (Shoals:4)
  2 wraiths
  A culicivora (shapeshifter) (Depths:2)
  21 water elementals
  A shadow (D:9)
  7 wyverns
  A vampire (D:9)
  25 yaks
  Grum (D:11)
  A human (D:13)
  7 basilisks
  3 redbacks (Vaults:3)
  6 vampire mosquitoes
  2 steam dragons
  26 nagas
  12 wargs
  A swamp worm (Orc:2)
  13 hell hounds (Lair:5)
  An acid dragon (shapeshifter) (D:13)
  17 water moccasins
  6 acid dragons
  2 glowing shapeshifter skeletons
  23 orc warriors
  2 swamp drakes
  A floating eye (shapeshifter) (Vaults:4)
  A sky beast (D:7)
  12 black bears
  3 ice beasts
  12 ogres
  4 boggarts (D:12)
  43 wolves
  4 lemures (D:7)
  4 centaurs
  2 phantoms (D:5)
  5 bullfrogs
  2 gnoll sergeants
  4 scorpions
  A human simulacrum (Depths:2)
  4 wights (D:6)
  4 killer bees (D:9)
  An electric eel (D:15)
  A wolf zombie (Crypt:1)
  5 howler monkeys
  A centaur zombie (Ossuary)
  17 orc priests
  6 hounds
  2 jellies
  2 sleepcaps
  Terence (D:3)
  10 iguanas
  18 orc wizards
  A small abomination (Gauntlet)
  5 mummies (Ossuary)
  17 gnolls
  9 adders
  A shadow imp (D:6)
  4 white imps
  3 worms
  A dart slug (D:4)
  72 orcs
  5 bats
  10 endoplasms
  5 giant cockroaches
  14 hobgoblins
  2 jackals (D:5)
  7 quokkas
  5 ball pythons
  3 frilled lizards
  7 goblins
  5 hobgoblin zombies (Ossuary)
  5 kobolds
  2 quokka zombies (D:7)
  2 rats
1482 creatures vanquished.

Vanquished Creatures (others)
  2 vault wardens
  An ironbound preserver (Vaults:4)
  A caustic shrike simulacrum (Depths:2)
  A deep troll (Vaults:4)
  A wizard (Vaults:2)
  4 harpies
  An elephant (Shoals:1)
  A salamander (Snake:3)
  A vault sentinel (Vaults:4)
  A yaktaur (Vaults:1)
  An orc wizard (Orc:2)
  A kobold (D:14)
  36 spectral weapons
52 creatures vanquished.

Grand Total: 1534 creatures vanquished

Notes
Turn   | Place    | Note
-------+----------+-------------------------------------------
     0 | D:1      | CoinPitGoblin the Spriggan Hunter began the quest for the
                  | Orb.
     0 | D:1      | Reached XP level 1. HP: 10/10 MP: 2/2
    46 | D:1      | Reached skill level 3 in Dodging
    47 | D:1      | Reached skill level 1 in Shapeshifting
    93 | D:1      | Reached XP level 2. HP: 14/14 MP: 3/3
   241 | D:1      | Found Inosos's General Store.
   338 | D:1      | Found a faded altar of an unknown god.
   467 | D:1      | Reached XP level 3. HP: 18/18 MP: 4/4
   820 | D:2      | Reached skill level 4 in Dodging
   936 | D:2      | Reached XP level 4. HP: 16/22 MP: 5/5
  1598 | D:3      | Noticed a scorpion
  1903 | D:3      | Reached skill level 5 in Dodging
  2004 | D:3      | Noticed Terence
  2090 | D:3      | Killed Terence
  2091 | D:3      | Reached XP level 5. HP: 25/25 MP: 6/6
  2146 | D:3      | Reached skill level 6 in Dodging
  2479 | D:3      | Reached XP level 6. HP: 30/30 MP: 7/7
  2693 | D:4      | Found Maxewagh's Armour Shop.
  2767 | D:4      | Found a bloodstained altar of Trog.
  2836 | D:4      | Reached skill level 7 in Dodging
  2947 | D:4      | Found a glowing golden altar of the Shining One.
  3278 | D:4      | Reached skill level 8 in Dodging
  3278 | D:4      | Reached XP level 7. HP: 33/33 MP: 8/8
  3632 | D:4      | Reached skill level 5 in Shapeshifting
  3644 | D:4      | Identified the +7 sling of Teekhil {drain, rC+ Dex+6
                  | Stlth+}
  3767 | D:5      | Entered Level 5 of the Dungeon
  4006 | D:5      | Reached skill level 9 in Dodging
  4260 | D:5      | Reached skill level 10 in Dodging
  4301 | D:5      | Found a broken altar of Ashenzari.
  4320 | D:5      | Reached XP level 8. HP: 35/37 MP: 9/9
  4326 | D:5      | Found a white marble altar of Elyvilon.
  5055 | D:6      | Reached skill level 11 in Dodging
  5073 | D:6      | Identified the ring "Heroy" {rElec rC+}
  5088 | D:6      | Found a staircase to the Ecumenical Temple.
  5114 | Temple   | Entered the Ecumenical Temple
  5136 | Temple   | Became a worshipper of Dithmenos the Shadowed
  5160 | D:6      | Reached skill level 12 in Dodging
  5209 | D:6      | Found a glowing silver altar of Zin.
  5418 | D:6      | Found a stormy altar of Qazlal.
  5995 | D:6      | Reached XP level 9. HP: 41/41 MP: 10/10
  6029 | D:6      | Reached skill level 13 in Dodging
  6193 | D:7      | Reached * piety under Dithmenos
  6197 | D:7      | Noticed Pikel
  6284 | D:7      | Found a sand-covered staircase.
  6302 | D:7      | Killed Pikel
  6308 | Ossuary  | Entered an ossuary
  6463 | D:7      | Found an opulent altar of Gozag.
  6634 | D:7      | Found a shimmering blue altar of Sif Muna.
  6829 | D:8      | Noticed Psyche
  6836 | D:7      | Killed Psyche
  6837 | D:7      | Reached skill level 14 in Dodging
  6837 | D:7      | Reached skill level 5 in Stealth
  6882 | D:8      | Reached skill level 15 in Dodging
  6934 | D:8      | Reached XP level 10. HP: 46/46 MP: 11/11
  7237 | D:8      | Reached ** piety under Dithmenos
  7426 | D:9      | Noticed a two-headed ogre
  7521 | D:9      | Killed a two-headed ogre
  7522 | D:9      | Reached skill level 16 in Dodging
  7601 | D:9      | Found Quoh's Book Boutique.
  7800 | D:9      | Noticed an orange demon
  7801 | D:9      | Noticed Amaemon
  7811 | D:9      | Killed an orange demon
  7999 | D:9      | Killed Amaemon
  8083 | D:9      | Reached skill level 17 in Dodging
  8401 | D:9      | Found a basalt altar of Yredelemnul.
  8401 | D:9      | Found a hide-covered altar of Uskayaw.
  8611 | D:10     | Entered Level 10 of the Dungeon
  8711 | D:10     | Noticed Erica
  8718 | D:10     | Killed Erica
  8719 | D:10     | Reached XP level 11. HP: 40/49 MP: 12/12
  8753 | D:10     | Reached skill level 18 in Dodging
  8772 | D:10     | Noticed a two-headed ogre
  8783 | D:10     | Killed a two-headed ogre
  8888 | D:10     | Learned a level 2 spell: Passwall
  8889 | D:10     | Noticed a two-headed ogre
  8896 | D:10     | Killed a two-headed ogre
  9106 | D:10     | Reached skill level 1 in Transmutations
  9111 | D:10     | Reached skill level 1 in Spellcasting
  9153 | D:10     | Found a hazy altar of Hepliaklqana.
  9155 | D:10     | Found a sacrificial altar of Ru.
  9365 | D:10     | Found a staircase to the Lair.
  9387 | D:10     | Reached *** piety under Dithmenos
  9516 | Lair:1   | Entered Level 1 of the Lair of Beasts
  9516 | Lair:1   | Found a shimmering altar of Xom.
  9534 | Lair:1   | Reached skill level 19 in Dodging
  9542 | Lair:1   | Noticed a boulder beetle
  9572 | Lair:1   | Killed a boulder beetle
  9920 | Lair:1   | Reached XP level 12. HP: 48/58 MP: 17/17
 10546 | Lair:2   | Reached **** piety under Dithmenos
 10929 | Lair:2   | Found a dark tunnel.
 11050 | Lair:2   | Reached skill level 10 in Stealth
 11329 | Lair:3   | Reached skill level 5 in Fighting
 11423 | Lair:3   | Found a staircase to the Snake Pit.
 11452 | Lair:3   | Reached skill level 20 in Dodging
 11821 | Lair:3   | Reached skill level 10 in Shapeshifting
 12181 | Lair:4   | Noticed a six-headed hydra
 12193 | Lair:4   | Killed a six-headed hydra
 12369 | Lair:4   | Reached ***** piety under Dithmenos
 12707 | Lair:5   | Entered Level 5 of the Lair of Beasts
 12820 | Lair:5   | Noticed an eight-headed hydra
 12934 | Lair:5   | Reached XP level 13. HP: 67/67 MP: 20/20
 13371 | Lair:5   | Upgraded the game from 0.31-a0-276-ge00219d475 to
                  | 0.31-a0-278-g485e682e34
 13477 | Lair:5   | Reached skill level 21 in Dodging
 13894 | Lair:5   | Found a staircase to the Slime Pits.
 14860 | Lair:5   | Identified the +7 chain mail "Cipsut" {Harm Int+3}
 15004 | Lair:5   | Reached XP level 14. HP: 69/75 MP: 21/21
 15203 | Lair:5   | Reached skill level 22 in Dodging
 15669 | D:11     | Reached ****** piety under Dithmenos
 15761 | D:11     | Got the Directory of the Sun and Graupel
 15855 | D:11     | Reached skill level 1 in Invocations
 16188 | D:11     | Noticed Grum
 16236 | D:11     | Killed Grum
 17317 | D:12     | Reached skill level 1 in Armour
 17617 | D:12     | Found a staircase to the Orcish Mines.
 17938 | D:13     | Reached skill level 10 in Fighting
 18144 | D:13     | Noticed Erolcha
 18148 | D:13     | Killed Erolcha
 18270 | D:13     | Noticed Nessos
 18322 | D:12     | Learned a level 2 spell: Wereblood
 18476 | D:13     | Killed Nessos
 18820 | D:13     | Found a gate to the Vaults.
 19103 | D:14     | Found a gate leading to a gauntlet.
 19119 | Gauntlet | Entered a Gauntlet
 19119 | Gauntlet | Found a transporter.
 19119 | Gauntlet | Found a transporter.
 19119 | Gauntlet | Found a transporter.
 19120 | Gauntlet | Found a transporter.
 19123 | Gauntlet | Found a transporter.
 19135 | Gauntlet | Found a transporter.
 19199 | Gauntlet | Found a transporter.
 19211 | Gauntlet | Found a transporter.
 19225 | Gauntlet | Found a transporter.
 19235 | Gauntlet | Found a transporter.
 19250 | Gauntlet | Found a transporter.
 19256 | Gauntlet | Found a transporter.
 19481 | Gauntlet | Identified the +0 hat "Ivuociqo" {Dex+3 Slay+2}
 19508 | Gauntlet | Identified the +8 falchion "Zois" {drain, Fly rN++ Int+3}
 20406 | D:14     | Found a shadowy altar of Dithmenos.
 20615 | D:14     | Reached XP level 15. HP: 81/81 MP: 22/22
 20757 | D:14     | Reached skill level 23 in Dodging
 20773 | D:14     | Found a shimmering altar of Xom.
 20854 | D:15     | Entered Level 15 of the Dungeon
 21136 | D:15     | Found a runed translucent gate.
 21136 | D:15     | Found a runed translucent gate.
 21136 | D:15     | Noticed Yxtef's ghost (journeyman DsFi)
 21136 | D:15     | Noticed a rockslime
 21137 | D:15     | Found a runed translucent gate.
 21137 | D:15     | Noticed an acid blob
 21138 | D:15     | Noticed an acid blob
 21140 | D:15     | Found a viscous altar of Jiyva.
 21251 | D:15     | Found a staircase to the Depths.
 21726 | D:15     | Identified the +5 spear "Tokehio" {speed, Will+}
 22011 | Depths:1 | Entered Level 1 of the Depths
 22731 | Depths:1 | Found a one-way gateway to a ziggurat.
 22767 | Depths:1 | Identified the +8 shortbow "Yziuh" {flame, Str-3 Int+4
                  | Stlth+}
 23196 | Depths:1 | Identified a scroll of acquirement
 23196 | Depths:1 | Acquired the ring of Bodily Harmony {+Blink rC- EV+5 Int+5
                  | Dex+2}
 23346 | Depths:1 | Noticed a fire giant
 23420 | Depths:1 | Found a gateway to Hell.
 23865 | Orc:1    | Entered Level 1 of the Orcish Mines
 23870 | Orc:1    | Noticed Nergalle
 23878 | Orc:1    | Killed Nergalle
 24096 | Orc:2    | Entered Level 2 of the Orcish Mines
 24096 | Orc:2    | Found a staircase to the Elven Halls.
 24253 | Orc:2    | Reached skill level 5 in Invocations
 24407 | Orc:2    | Reached XP level 16. HP: 89/89 MP: 23/23
 24470 | Orc:2    | Reached skill level 1 in Evocations
 24839 | Orc:2    | Found Ocwodd's Distillery.
 24839 | Orc:2    | Found Paesiod's Assorted Antiques.
 24843 | Orc:2    | Reached skill level 5 in Ranged Weapons
 24843 | Orc:2    | Found Fonasm's Antique Weapon Shop.
 24843 | Orc:2    | Found Osoxoapp's Book Shoppe.
 24858 | Orc:2    | Bought a twisted rapier for 315 gold pieces
 24858 | Orc:2    | Identified the +4 rapier "Beph" {spect, rC+} (You bought it
                  | in a shop on level 2 of the Orcish Mines)
 25400 | Snake:1  | Entered Level 1 of the Snake Pit
 25830 | Snake:1  | Found the +18 shield of the Gong {Loud rN+ Will+ rCorr
                  | EV-5}
 26002 | Snake:1  | Found Addushi's Jewellery Shoppe.
 26002 | Snake:1  | Found Doeclen's Book Boutique.
 26003 | Snake:1  | Found Buneuniz's Jewellery Shoppe.
 26268 | Snake:1  | Reached skill level 1 in Short Blades
 26493 | Snake:2  | Reached skill level 15 in Stealth
 27012 | Snake:1  | Bought a dragon-blood talisman for 1280 gold pieces
 27247 | Snake:2  | Reached skill level 24 in Dodging
 27451 | Snake:2  | Identified the +2 arbalest "Lacvun" {penet, rPois rC+ Will+
                  | Int-5}
 27673 | Snake:2  | You fall into a shaft and drop 1 floor!
 28234 | Snake:3  | Noticed Louise
 28350 | Snake:3  | Reached skill level 5 in Evocations
 28450 | Snake:3  | Identified the +10 plate armour of Infinity {SInv}
 28638 | Snake:3  | Killed Louise
 28846 | Snake:4  | Entered Level 4 of the Snake Pit
 29122 | Snake:4  | Reached XP level 17. HP: 95/95 MP: 24/24
 29127 | Snake:4  | Noticed Aizul
 29284 | Shoals:1 | Entered Level 1 of the Shoals
 29746 | Shoals:1 | HP: 2/95 [skyshark (25)]
 29754 | Shoals:1 | HP: 3/95 [skyshark (19)]
 30036 | Shoals:1 | Noticed Frances
 30295 | Shoals:1 | Found a hide-covered altar of Uskayaw.
 30434 | Shoals:1 | Killed Frances
 30507 | Shoals:1 | Gained mutation: You passively map a small area around you.
                  | [potion of mutation]
 30507 | Shoals:1 | Gained mutation: Your flesh is heat resistant. (rF+)
                  | [potion of mutation]
 30899 | Shoals:2 | Noticed Donald
 30991 | Shoals:2 | Killed Donald
 31414 | Shoals:2 | Reached skill level 1 in Shields
 32712 | Shoals:4 | Entered Level 4 of the Shoals
 32712 | Shoals:4 | Found a stormy altar of Qazlal.
 32835 | Shoals:4 | Found a stormy altar of Qazlal.
 33059 | Shoals:4 | Paralysed by an air elemental for 1 turns
 33119 | Shoals:4 | Paralysed by an air elemental for 1 turns
 33170 | Shoals:4 | Found the +5 glaive of the Guard {elec, spectral, AC+5}
 33188 | Shoals:4 | Found a blossoming altar of Fedhas.
 33399 | Shoals:4 | Reached XP level 18. HP: 102/102 MP: 25/25
 33414 | Shoals:4 | Paralysed by an air elemental for 1 turns
 33858 | Shoals:4 | Got a barnacled rune of Zot
 33910 | Shoals:4 | Got the Atlas of Coordinates
 34522 | Snake:3  | Killed Aizul
 34692 | Snake:4  | Noticed Mlioglotl
 35291 | Snake:4  | Got a serpentine rune of Zot
 35299 | Snake:4  | Noticed Saint Roka
 35600 | Vaults:1 | Entered Level 1 of the Vaults
 35884 | Vaults:1 | Identified the +6 quarterstaff of Eternal Vigilance {heavy,
                  | Str+3}
 35940 | Vaults:1 | Identified the +2 sling of Winter {drain, Str+3}
 35942 | Vaults:1 | Identified the +1 plate armour of Midwinter {-Tele +Inv
                  | Regen+ Dex+5}
 36767 | Vaults:1 | Got Zorchetao's Precepts of Elsewhere
 37495 | Vaults:1 | Reached skill level 10 in Evocations
 37730 | Vaults:1 | Reached XP level 19. HP: 107/107 MP: 26/26
 37733 | Vaults:1 | Reached skill level 5 in Short Blades
 37795 | Vaults:1 | Learned a level 3 spell: Confusing Touch
 37799 | Vaults:1 | Learned a level 3 spell: Inner Flame
 38102 | Vaults:2 | Reached skill level 1 in Hexes
 38116 | Vaults:2 | Reached skill level 15 in Fighting
 38300 | Vaults:2 | Reached skill level 25 in Dodging
 38341 | Vaults:2 | Reached skill level 5 in Spellcasting
 39003 | Vaults:2 | Got the Anthology of Disjunct Diablerie
 39298 | Vaults:2 | Got the Grimoire of Peccant Confrontation
 39854 | Vaults:3 | Found a staircase to the Crypt.
 40295 | Vaults:3 | Reached skill level 15 in Shapeshifting
 41190 | Vaults:3 | Identified the +6 great mace "Calueg" {flame, rC+ rN+}
 41726 | Vaults:4 | Reached XP level 20. HP: 100/114 MP: 31/31
 41821 | Vaults:4 | Reached skill level 5 in Hexes
 41914 | Vaults:4 | Reached skill level 10 in Invocations
 42295 | Vaults:4 | Identified the amulet of Interdependent Arising {Spirit
                  | Harm *Slow MP+9}
 42372 | Vaults:4 | Noticed Frederick
 43327 | Vaults:4 | Killed Frederick
 43786 | Vaults:5 | Entered Level 5 of the Vaults
 43823 | Vaults:4 | Reached skill level 10 in Ranged Weapons
 44047 | Crypt:1  | Entered Level 1 of the Crypt
 45088 | Depths:2 | Identified the ring of the Rose {Ice rCorr MP+9 Stlth+}
 45088 | Depths:2 | Noticed Josephina
 45238 | Depths:2 | Noticed a golden dragon
 45241 | Depths:2 | Killed a golden dragon
 45315 | Depths:2 | Found a hide-covered altar of Uskayaw.
 45691 | Depths:2 | Noticed a caustic shrike
 45870 | Depths:2 | Noticed Asterion
 45874 | Depths:2 | Killed Asterion
 46121 | Depths:2 | Reached XP level 21. HP: 117/119 MP: 33/33
 46225 | Depths:2 | Found a one-way gate leading to the halls of Pandemonium.
 46721 | Depths:2 | Reached skill level 5 in Shields
 47915 | Depths:3 | HP: 4/99 [spriggan air mage/the air (21)]
 48062 | Depths:2 | Lost mutation: Your flesh is heat resistant. (rF+) [potion
                  | of mutation]
 48062 | Depths:2 | Lost mutation: You passively map a small area around you.
                  | [potion of mutation]
 48062 | Depths:2 | Gained mutation: You are vulnerable to cold. (rC-) [potion
                  | of mutation]
 48062 | Depths:2 | Gained mutation: You possess an exceptional clarity of
                  | mind. [potion of mutation]
 48062 | Depths:2 | Gained mutation: You expend magic power (3 MP) to
                  | strengthen your wands. [potion of mutation]
 48063 | Depths:2 | Lost mutation: You are vulnerable to cold. (rC-) [potion of
                  | mutation]
 48063 | Depths:2 | Lost mutation: You possess an exceptional clarity of mind.
                  | [potion of mutation]
 48063 | Depths:2 | Lost mutation: You expend magic power (3 MP) to strengthen
                  | your wands. [potion of mutation]
 48063 | Depths:2 | Gained mutation: You have large cloven feet. [potion of
                  | mutation]
 48063 | Depths:2 | Gained mutation: Your body sometimes deteriorates upon
                  | taking damage. [potion of mutation]
 48064 | Depths:2 | Lost mutation: You have large cloven feet. [potion of
                  | mutation]
 48064 | Depths:2 | Lost mutation: Your body sometimes deteriorates upon taking
                  | damage. [potion of mutation]
 48064 | Depths:2 | Gained mutation: Your spells are a little easier to cast,
                  | but a little less powerful. [potion of mutation]
 48064 | Depths:2 | Gained mutation: Your body sometimes deteriorates upon
                  | taking damage. [potion of mutation]
 48064 | Depths:2 | Gained mutation: You have large cloven feet. [potion of
                  | mutation]
 48065 | Depths:2 | Lost mutation: You have large cloven feet. [potion of
                  | mutation]
 48065 | Depths:2 | Lost mutation: Your body sometimes deteriorates upon taking
                  | damage. [potion of mutation]
 48065 | Depths:2 | Gained mutation: You have sharp toenails. [potion of
                  | mutation]
 48066 | Depths:2 | Lost mutation: Your spells are a little easier to cast, but
                  | a little less powerful. [potion of mutation]
 48066 | Depths:2 | Lost mutation: You have sharp toenails. [potion of
                  | mutation]
 48066 | Depths:2 | Gained mutation: You are strong-willed. (Will+) [potion of
                  | mutation]
 48067 | Depths:2 | Lost mutation: You are strong-willed. (Will+) [potion of
                  | mutation]
 48067 | Depths:2 | Gained mutation: You are clumsy. (Dex -2) [potion of
                  | mutation]
 48067 | Depths:2 | Gained mutation: You are weak. (Str -2) [potion of
                  | mutation]
 48068 | Depths:2 | Lost mutation: You are clumsy. (Dex -2) [potion of
                  | mutation]
 48068 | Depths:2 | Lost mutation: You are weak. (Str -2) [potion of mutation]
 48068 | Depths:2 | Gained mutation: You possess an exceptional clarity of
                  | mind. [potion of mutation]
 48219 | Depths:2 | Killed a caustic shrike
 48867 | Depths:2 | Killed Josephina
 48944 | Depths:2 | Upgraded the game from 0.31-a0-278-g485e682e34 to
                  | 0.31-a0-313-g785cd24033
 49839 | Depths:3 | Noticed a golden dragon
 49949 | Depths:3 | Found a one-way gate to the infinite horrors of the Abyss.
 50466 | Depths:3 | Noticed a golden dragon
 50510 | Depths:3 | Identified the +1 great mace "Ufrep" {elec, *Noise rN+
                  | Int+4}
 50888 | Depths:3 | Noticed a golden dragon
 50926 | Depths:3 | Killed a golden dragon
 50972 | Depths:3 | Killed a golden dragon
 51265 | Depths:3 | Killed from afar by a golden dragon

Illustrated notes

Levels and vault maps discovered:
D:1:      tarquinn_simple_flora_water_c, layout_loops_ring, serial_shops,
          nicolae_square_shop, shapermc_ecumenical_altar_flowoftime
D:2:      layout_loops_ring
D:3:      layout_basic, nicolae_kite_square_tiling_tiny, serial_park_tiny_pond,
          serial_park_tiny_2, minmay_bisected, uniq_terence
D:4:      layout_basic, mainiacjoe_overflow_boulevard,
          mainiacjoe_overflow_cross_hatched, nicolae_take_the_stairs
D:5:      layout_cave_pods, old_standard_altar, lemuel_tele_altar
D:6:      layout_layer_cave, mainiacjoe_overflow_catwalk, zin_treasury,
          minmay_temple_entry_ruins
D:7:      layout_rooms, lemuel_round_altar, grunt_gozag_breadcrumbs,
          enter_ossuary_4, lemuel_flamethrower_2, uniq_pikel
D:8:      layout_rooms, uniq_psyche
D:9:      layout_long_grid, nicolae_overflow_two_pavilions, serial_shops,
          nicolae_book_shop_shelving, uniq_amaemon
D:10:     layout_irregular_city, jmf_multi_god_temple, david_lair_shrubbed,
          uniq_erica
D:11:     layout_roguey, minmay_misc_feat_more_columns, uniq_grum
D:12:     layout_irregular_city, erik_orc_1, minmay_tree_intersection
D:13:     layout_small_grid, grunt_vaults_entry_fortified, uniq_nessos,
          uniq_erolcha
D:14:     layout_loops_cross, gauntlet_entry_generic,
          nicolae_dithmenos_shadow_blocks, tgw_xom
D:15:     grunt_enter_depths_hoard, layout_basic, gammafunk_ghost_ooze
Temple:   hellmonk_temple_rainy
Lair:1:   layout_regular_city, basic_altar
Lair:2:   layout_regular_city, nicolae_shoals_entry_flooding,
          lightli_volcano_entry_magma_tube
Lair:3:   layout_misc_corridors, guppyfry_snake_entry_island
Lair:4:   layout_roguey
Lair:5:   guppyfry_lair_end_dragon, layout_cave_pods,
          hangedman_lair_caniforms_friends, dpeg_slime_entry_corner,
          nicolae_lair_lindhole, grunt_megastairs_1, lemuel_fruit_tree
Shoals:1: layout_shoals, regret_index_shoals_crete, uniq_frances
Shoals:2: layout_shoals, uniq_donald
Shoals:3: layout_shoals, nicolae_shoals_seven_spires,
          nicolae_shoals_goliath_grotto
Shoals:4: shoals_end_hellmonk_storm_palace [storm_palace_center_ruins,
          storm_palace_corner_altar, storm_palace_corner_altar,
          storm_palace_corner_altar, storm_palace_corner_grid]
Snake:1:  layout_chambers, minmay_shop_grove
Snake:2:  layout_rooms, grunt_ministairs_12, hangedman_snake_sidewinding
Snake:3:  layout_cave_shapes, serial_bayou_shore_b, uniq_louise
Snake:4:  hellmonk_snake_rune_quicksilver_temple, layout_misc_corridors,
          uniq_aizul, uniq_saint_roka, uniq_mlioglotl
Orc:1:    layout_caves, uniq_nergalle
Orc:2:    grunt_orc_tribal_feast, layout_diamond_mine
Vaults:1: v_misc_9, nicolae_vaults_murder_corner, v_rooms_6,
          nicolae_vaults_trapezoid_3, nicolae_vaults_offset_grid_hallway_4,
          nicolae_vaults_diamond_2, nicolae_vaults_weapon_check, v_misc_23,
          nicolae_vaults_triangles, vaults_room_grunt_arrival_ludios,
          vaults_room_pool, layout_vaults_big_cross
Vaults:2: nicolae_vaults_what_the_h, vaults_mumra_chevron_long,
          nicolae_vaults_big_angled_halls, nicolae_vaults_network_quincunx
          [nicolae_vaults_network_quincunx_subvault,
          nicolae_vaults_network_quincunx_subvault,
          nicolae_vaults_network_quincunx_subvault,
          nicolae_vaults_network_quincunx_subvault,
          nicolae_vaults_network_quincunx_subvault], v_pattern_2,
          nicolae_vaults_sesquioval_fish, nicolae_vaults_tetromino_T_2,
          nicolae_vaults_shipping_containers_2, nicolae_vaults_little_ls,
          ontoclasm_vaults_ring_large, v_misc_25,
          nicolae_vaults_little_squares_6, nicolae_vaults_diamond_2,
          layout_vaults_maze_snakey
Vaults:3: v_misc_1, nicolae_vaults_diagonal_hallway_7,
          minmay_crypt_entry_simple_round, vaults_room_corners,
          nicolae_vaults_closet_pinwheel_6, vaults_mumra_hexcomb,
          nicolae_vaults_diamond_1, nicolae_vaults_mini_display_case,
          nicolae_vaults_double_plus_1, layout_vaults_quadrants
Vaults:4: nicolae_vaults_double_plus_1, nicolae_vaults_little_guard_posts,
          nicolae_vaults_little_squares_6, nicolae_vaults_stepped_doors,
          nicolae_vaults_meiosis, v_misc_26, nicolae_vaults_wine_cellar,
          nicolae_vaults_apartment_1, ontoclasm_vaults_twist,
          vaults_room_door_hall, nicolae_vaults_heist,
          nicolae_vaults_specimen_jars, layout_vaults_ring, uniq_frederick
Vaults:5: serial_shops
Crypt:1:  layout_gridlike
Depths:1: layout_gridville, enter_ziggurat_a, nicolae_two_hexagons, hell_entry,
          hangedman_decor_riveting, hex_large, nooodl_orcs_dogs, firewood_loft
Depths:2: nzn_winding_woodlands_stair_cross
          [nzn_winding_woodlands_5x15_concentric,
          nzn_winding_woodlands_center_pierced_h,
          nzn_winding_woodlands_5x15_longhouse,
          nzn_winding_woodlands_5x5_open_star, nzn_winding_woodlands_5x5_cross,
          nzn_winding_woodlands_5x15_parted, nzn_winding_woodlands_center_lodge,
          nzn_winding_woodlands_5x15_pool], layout_cave_shapes,
          grunt_hell_entry_dis_grunt, serial_column_ruins, column_ruins_grid_1,
          column_ruins_open_tiny, column_ruins_columns_dead_end,
          column_ruins_open_small, column_ruins_grid_4, pan_entry,
          hangedman_abyss_or_decor_slice,
          nicolae_uskayaw_murder_on_the_dancefloor, uniq_asterion,
          uniq_josephina
Depths:3: minmay_the_grid_octo_tiled_squarecenter_mashed
          [minmay_the_grid_octo_77, minmay_the_grid_octo_fan_narrow,
          minmay_the_grid_octo_clover_2, minmay_the_grid_octo_teeth,
          minmay_the_grid_square_5x5_megaprize_diamond,
          minmay_the_grid_square_5x5_lines, minmay_the_grid_square_5x5_empty,
          minmay_the_grid_square_5x5_hourglass,
          minmay_the_grid_square_5x5_misaligned], layout_honeycomb,
          pf_hell_entry_tar_river, abyss_entry, minmay_staircase_windowed_large

Skill      XL: |  1  2  3  4  5  6  7  8  9 10 11 12 13 14 15 16 17 18 19 20 21 |
---------------+----------------------------------------------------------------+-----
Dodging        | 3 4 5 6 8 10 12 15 17 19 20 21 22 23 24 25 | 25.7
Shapeshifting  | 1 2 3 4 5 6 8 9 10 11 12 13 14 15 16 | 16.3
Stealth        | 3 6 8 9 10 11 13 14 15 16 17 | 17.5
Transmutations | 3 4 |  4.7
Spellcasting   | 2 4 6 7 |  7.8
Fighting       | 3 7 9 10 12 13 14 15 16 | 16.3
Invocations    | 3 5 6 7 9 10 11 | 11.6
Armour         | 2 3 4 |  4.1
Evocations     | 5 7 10 11 12 13 | 13.8
Ranged Weapons | 7 8 9 10 11 | 11.9
Short Blades   | 2 3 4 6 7 |  7.3
Shields        | 1 3 4 5 |  5.3
Hexes          | 4 6 |  6.3

Action                     |  1- 3 |  4- 6 |  7- 9 | 10-12 | 13-15 | 16-18 | 19-21 || total
---------------------------+-------+-------+-------+-------+-------+-------+-------++-------
  Melee: Shortbow          |       |     2 |       |       |       |       |       ||     2
         Dagger            |       |       |       |       |   249 |       |       ||   249
         Punch             |       |       |       |       |     7 |     3 |       ||    10
         Unarmed           |       |       |       |       |    71 |       |       ||    71
         Falchion          |       |       |       |       |    23 |       |       ||    23
         Constrict         |       |       |       |       |    12 |       |       ||    12
         Sling             |       |       |       |       |     1 |       |       ||     1
         Rapier            |       |       |       |       |       |   482 |   580 ||  1062
         Maw               |       |       |       |       |       |    19 |    38 ||    57
         Quick blade       |       |       |       |       |       |       |    76 ||    76
   Fire: Shortbow          |   107 |   222 |    23 |       |       |       |       ||   352
         Sling             |       |       |   250 |   595 |  1418 |  1690 |  2085 ||  6038
         Arbalest          |       |       |       |       |       |    37 |       ||    37
   Cast: Wereblood         |       |       |       |       |       |       |     6 ||     6
         Confusing Touch   |       |       |       |       |       |       |     3 ||     3
 Invoke: Shadow Step       |       |       |       |       |     2 |     6 |       ||     8
         Shadow Form       |       |       |       |       |       |     1 |     3 ||     4
Ability: Evoke Blink       |       |       |       |       |     1 |     1 |    11 ||    13
         Breathe Fire      |       |       |       |       |       |     1 |     1 ||     2
  Evoke: Wand              |       |       |       |       |     5 |     6 |     9 ||    20
         Phantom mirror    |       |       |       |       |     2 |     2 |     2 ||     6
         Piece from Xom's  |       |       |       |       |     2 |       |       ||     2
    Use: Scroll            |       |     4 |     8 |     2 |    16 |    14 |     8 ||    52
         Potion            |       |     3 |       |       |     7 |     8 |    13 ||    31
   Stab: Sleeping          |       |       |       |       |    17 |    40 |    32 ||    89
         Confused          |       |       |       |       |     1 |       |     1 ||     2
         Paralysed         |       |       |       |       |     1 |       |       ||     1
         Distracted        |       |       |       |       |       |    23 |    25 ||    48
         Invisible         |       |       |       |       |       |     9 |    17 ||    26
 Armour: Robe              |     4 |     1 |     1 |    11 |    19 |       |       ||    36
         Troll leather arm |       |       |       |       |    22 |    33 |    47 ||   102
         Skin              |       |       |       |       |     1 |       |       ||     1
  Dodge: Dodged            |    35 |    72 |   110 |   504 |  1820 |  2641 |  2890 ||  8072
  Block: Buckler           |       |       |       |       |       |   517 |  1024 ||  1541
   Form: Beast             |       |       |     1 |       |     2 |     3 |     2 ||     8
         Anaconda          |       |       |       |       |     1 |     1 |       ||     2
         Blade             |       |       |       |       |     1 |       |       ||     1
         Maw               |       |       |       |       |       |     2 |     1 ||     3
         Dragon            |       |       |       |       |       |     1 |     1 ||     2

Table legend: (Time is in decaauts)
 A = Elapsed time spent in this place.
 B = Non-inter-level travel time spent in this place.
 C = Inter-level travel time spent in this place.
 D = Time resting spent in this place.
 E = Time spent auto-exploring this place.
 F = Levels seen in this place.
 G = Mean time per level.
                   A        B        C        D        E       F      G
               +--------+--------+--------+--------+--------+-----+--------+
         Total |  37399 |  33986 |   3413 |   1177 |  13986 |  42 |  890.5 |
       Dungeon |  11695 |  10321 |   1374 |    631 |   6014 |  15 |  779.7 |
        Temple |     18 |     15 |      3 |      0 |      5 |   1 |   18.0 |
          Lair |   4702 |   4247 |    455 |    165 |   2102 |   5 |  940.4 |
        Shoals |   3856 |   3550 |    306 |     38 |   1078 |   4 |  964.0 |
     Snake Pit |   3630 |   3293 |    337 |    227 |   1179 |   4 |  907.5 |
  Orcish Mines |    986 |    875 |    111 |      0 |    427 |   2 |  493.0 |
        Vaults |   6373 |   5843 |    530 |      0 |   1707 |   5 | 1274.6 |
         Crypt |    338 |    325 |     13 |      0 |     18 |   1 |  338.0 |
        Depths |   5398 |   5116 |    282 |    116 |   1324 |   3 | 1799.3 |
       Ossuary |     84 |     84 |      0 |      0 |     28 |   1 |   84.0 |
      Gauntlet |    315 |    315 |      0 |      0 |     99 |   1 |  315.0 |
               +--------+--------+--------+--------+--------+-----+--------+

Top non-repeatable levels by time:
Depths:2: 2615 daAuts
  Lair:5: 1971 daAuts
Vaults:1: 1907 daAuts
Vaults:3: 1890 daAuts
Depths:3: 1505 daAuts
Vaults:4: 1459 daAuts
Depths:1: 1277 daAuts
    D:12: 1244 daAuts
    D:15: 1186 daAuts
Vaults:2: 1112 daAuts
 Snake:2: 1084 daAuts
Shoals:1: 1011 daAuts
    D:14: 987 daAuts
    D:13: 981 daAuts
Shoals:4: 975 daAuts
